 Dungeon Crawl Stone Soup version 0.31-a0-214-gb37851dbb3 (webtiles) character file.

Game seed: 6259521521521190588

707 qw the Chopper (level 7, -11/44 HPs)
             Began as a Gargoyle Fighter on July 1, 2023.
             Mangled by an ogre
             ... wielding a +0 giant club
              (16 damage)
             ... on level 5 of the Dungeon.
             The game lasted 00:02:07 (3483 turns).

qw the Chopper (Gargoyle Fighter)                   Turns: 3483, Time: 00:02:07

Health: -11/44     AC: 13    Str: 21    XL:     7   Next: 67%
Magic:  7/7        EV:  8    Int:  9    God:
Gold:   135        SH:  4    Dex:  9    Spells: 6/6 levels left

rFire   . . .        Y - +1 war axe
rCold   . . .        c - +0 buckler
rNeg    + . .        g - +0 chain mail
rPois   inf          (no helmet)
rElec   +            (no cloak)
rCorr   .            (no gloves)
SInv    .            (no boots)
Will    .....        (no amulet) Stlth
                     (no ring)
HPRegen 0.27/turn    (no ring)
MPRegen 0.10/turn

%: no passive effects
@: no status effects
A: sickness immunity, AC +4, negative energy resistance 1, electricity
resistance, torment resistance 1, petrification resistance
a: no special abilities


You were on level 5 of the Dungeon.
You visited 1 branch of the dungeon, and saw 5 of its levels.

You collected 135 gold pieces.


Innate Abilities, Weirdness & Mutations

You are immune to sickness and miasma.
Your stone body is resilient. (AC +4)
You are immune to poison.
You resist negative energy. (rN+)
You are resistant to electric shocks. (rElec)
You are resistant to unholy torment.
You are immune to petrification.


   Skills:
 + Level 4.6 Fighting
 - Level 7.0 Axes
 - Level 3.2 Armour
 - Level 1.0 Dodging
 - Level 3.2 Shields


You had 6 spell levels left.
You didn't know any spells.
Your spell library was empty.

Inventory:

Hand Weapons
 e - a +1 mace of holy wrath
 l - a +0 flail
 Y - a +1 war axe (weapon)
Missiles
 m - 2 boomerangs (quivered)
Armour
 b - a +0 pair of boots
 c - a +0 buckler (worn)
 f - a +0 helmet
 g - a +0 chain mail (worn)
Potions
 a - a potion of heal wounds {unknown}
 d - a potion of might
 h - a potion of enlightenment {unknown}
 i - a potion of mutation {unknown}
 j - 2 potions of curing
 k - a potion of resistance {unknown}

Dungeon Overview and Level Annotations

Branches:
Dungeon (5/15)
 Temple: D:4-7

Altars:
Nemelex Xobeh
Wu Jian
Xom


Message History

You closely miss the iguana.
The bullfrog hits you but does no damage.
The iguana completely misses you. The bullfrog misses you.
A scorpion comes into view.
You hit the bullfrog.
You kill the bullfrog!
You closely miss the iguana. The iguana bites you!
Your Axes skill increases to level 7!
You slash the iguana!
The iguana is almost dead.
The iguana completely misses you.
You barely miss the iguana.
The iguana is almost dead.
The iguana bites you but does no damage.
You barely miss the iguana.
The iguana is almost dead.
The iguana closely misses you. The ogre barely misses you.
The iguana closely misses you.
You closely miss the iguana.
The iguana is almost dead.
You barely miss the ogre.
The iguana bites you but does no damage.
You closely miss the iguana.
The iguana is almost dead.
You slash the ogre! You closely miss the scorpion.
The ogre hits you with a +0 giant club! The scorpion barely misses you.
The iguana bites you but does no damage.
You closely miss the iguana.
The iguana is almost dead.
You barely miss the scorpion. You slash the ogre!
The scorpion stings you but does no damage.
The ogre closely misses you. The iguana bites you.
The scorpion stings you but does no damage.
You hit the iguana but do no damage.
The iguana is almost dead.
You hit the ogre. You closely miss the scorpion.
The iguana bites you but does no damage.
The scorpion barely misses you. The ogre hits you with a +0 giant club!
You die...

#...........###
...
#...........'.#
#...........#.#
#############.#
#.# #.# #.# #.#
#@#
#..sOl......
#...s....[..
#..>.....#..
#........#
#........#
...#####.# ###.
.#


You could see an ogre, 2 scorpions and an iguana.

Vanquished Creatures
  Grinder (D:3)
  An ogre (D:4)
  A bullfrog (D:5)
  A scorpion (D:5)
  2 hounds (D:5)
  Natasha (D:2)
  10 adders
  An ufetubus (D:5)
  3 worms
  4 dart slugs
  15 orcs
  5 bats
  8 endoplasms
  2 giant cockroaches (D:1)
  6 hobgoblins
  2 jackals (D:3)
  2 quokkas
  7 ball pythons
  2 frilled lizards
  4 goblins
  9 kobolds
  15 rats
102 creatures vanquished.

Notes
Turn   | Place    | Note
-------+----------+-------------------------------------------
     0 | D:1      | qw the Gargoyle Fighter began the quest for the Orb.
     0 | D:1      | Reached XP level 1. HP: 14/14 MP: 1/1
     0 | D:1      | 0 ||| qw: Version: 0.3-a-32-g5962c71
     0 | D:1      | 0 ||| qw: Game counter: 7504
     0 | D:1      | 0 ||| qw: Melee chars always use a shield: true
     0 | D:1      | 0 ||| qw: God list: Okawaru
     0 | D:1      | 0 ||| qw: Allow faded altars: false
     0 | D:1      | 0 ||| qw: Do Orc after clearing Dungeon:15 true
     0 | D:1      | 0 ||| qw: Do second Lair branch before Depths: true
     0 | D:1      | 0 ||| qw: Lair rune preference: random
     0 | D:1      | 0 ||| qw: Goals: Normal, Zot:1-4, Slime:5, God:TSO, Crypt,
                  | Tomb, Abyss, Pan, Hells, Win
     0 | D:1      | 0 ||| PLANNING D:1-11
    94 | D:1      | Reached skill level 2 in Axes
   173 | D:1      | Reached XP level 2. HP: 19/19 MP: 2/2
   264 | D:1      | 264 ||| Stepping ~*~*~tactically~*~*~ (stealth).
   343 | D:1      | Reached skill level 3 in Axes
   360 | D:1      | Reached XP level 3. HP: 23/23 MP: 3/3
   781 | D:1      | 781 ||| UPGRADING to +0 chain mail.
   791 | D:1      | 791 ||| DROPPING +0 scale mail.
   792 | D:1      | 792 ||| READING 2 scrolls labelled YBUM CEGGETOSH.
   793 | D:1      | 793 ||| READING scroll labelled PURUPLAUBI.
   794 | D:1      | 794 ||| DROPPING scroll of poison.
   835 | D:2      | 835 ||| Stepping ~*~*~tactically~*~*~ (stealth).
   838 | D:2      | 838 ||| Stepping ~*~*~tactically~*~*~ (stealth).
   904 | D:2      | 904 ||| Stepping ~*~*~tactically~*~*~ (stealth).
  1020 | D:2      | 1020 ||| DROPPING +0 club.
  1275 | D:2      | Noticed Natasha
  1279 | D:2      | Killed Natasha
  1280 | D:2      | Reached skill level 4 in Axes
  1280 | D:2      | Reached XP level 4. HP: 26/28 MP: 4/4
  1369 | D:2      | 1369 ||| Stepping ~*~*~tactically~*~*~ (stealth).
  1550 | D:2      | 1550 ||| READING scroll labelled GICSUX MECOFI.
  1551 | D:2      | 1551 ||| READING scroll labelled MUSEAN GEJIU.
  1552 | D:2      | 1552 ||| READING scroll labelled JITOPT KITI.
  1718 | D:3      | 1718 ||| Stepping ~*~*~tactically~*~*~ (stealth).
  1747 | D:3      | Noticed Grinder
  1758 | D:3      | Paralysed by Grinder for 2 turns
  1761 | D:3      | Reached XP level 5. HP: 28/32 MP: 5/5
  1776 | D:3      | Killed Grinder
  1777 | D:3      | Reached skill level 6 in Axes
  1777 | D:3      | Reached XP level 6. HP: 19/37 MP: 6/6
  1849 | D:3      | 1849 ||| DROPPING +0 whip.
  1886 | D:3      | Found a faded altar of an unknown god.
  1890 | D:3      | Found a sparkling altar of Nemelex Xobeh.
  1914 | D:3      | Identified the +0 ring mail of Stoicism {Dex+3}
  1940 | D:3      | 1940 ||| Stepping ~*~*~tactically~*~*~ (hiding).
  1969 | D:3      | 1969 ||| FLEEEEING.
  2020 | D:3      | 2020 ||| Stepping ~*~*~tactically~*~*~ (stealth).
  2025 | D:3      | 2025 ||| Stepping ~*~*~tactically~*~*~ (stealth).
  2235 | D:3      | 2235 ||| DROPPING +0 ring mail of Stoicism {Dex+3}.
  2236 | D:3      | 2236 ||| READING scroll labelled EMEASCH YRUNODI.
  2239 | D:3      | Found a shimmering altar of Xom.
  2260 | D:3      | 2260 ||| READING scroll labelled SYMO UMUSESSI.
  2262 | D:3      | 2262 ||| READING scroll labelled WAONOB DEP KOE.
  2265 | D:3      | 2265 ||| FLEEEEING.
  2479 | D:4      | Reached XP level 7. HP: 17/44 MP: 7/7
  2613 | D:4      | 2613 ||| Stepping ~*~*~tactically~*~*~ (stealth).
  2650 | D:4      | 2650 ||| FLEEEEING.
  2651 | D:4      | 2651 ||| FLEEEEING.
  2652 | D:4      | 2652 ||| FLEEEEING.
  2653 | D:4      | 2653 ||| FLEEEEING.
  2654 | D:4      | 2654 ||| FLEEEEING.
  2655 | D:4      | 2655 ||| FLEEEEING.
  2656 | D:4      | 2656 ||| FLEEEEING.
  2657 | D:4      | 2657 ||| FLEEEEING.
  2660 | D:4      | 2660 ||| FLEEEEING.
  2661 | D:4      | 2661 ||| FLEEEEING.
  2662 | D:4      | 2662 ||| FLEEEEING.
  2663 | D:4      | 2663 ||| FLEEEEING.
  2665 | D:4      | 2665 ||| FLEEEEING.
  2666 | D:4      | 2666 ||| FLEEEEING.
  2667 | D:4      | 2667 ||| FLEEEEING.
  2670 | D:4      | 2670 ||| FLEEEEING.
  2671 | D:4      | 2671 ||| FLEEEEING.
  2672 | D:4      | 2672 ||| FLEEEEING.
  2673 | D:4      | 2673 ||| FLEEEEING.
  2674 | D:4      | 2674 ||| FLEEEEING.
  2675 | D:4      | 2675 ||| FLEEEEING.
  2676 | D:4      | 2676 ||| FLEEEEING.
  2677 | D:4      | 2677 ||| FLEEEEING.
  2680 | D:4      | 2680 ||| FLEEEEING.
  2681 | D:4      | 2681 ||| FLEEEEING.
  2682 | D:4      | 2682 ||| STAIRDANCE
  2686 | D:4      | 2686 ||| STAIRDANCE
  2705 | D:4      | 2705 ||| STAIRDANCE
  2709 | D:4      | 2709 ||| STAIRDANCE
  2713 | D:4      | 2713 ||| STAIRDANCE
  2717 | D:4      | 2717 ||| STAIRDANCE
  2721 | D:4      | 2721 ||| STAIRDANCE
  2725 | D:4      | 2725 ||| STAIRDANCE
  2729 | D:4      | 2729 ||| STAIRDANCE
  2733 | D:4      | 2733 ||| STAIRDANCE
  2737 | D:4      | 2737 ||| STAIRDANCE
  2741 | D:4      | 2741 ||| STAIRDANCE
  2745 | D:4      | 2745 ||| STAIRDANCE
  2749 | D:4      | 2749 ||| STAIRDANCE
  2753 | D:4      | 2753 ||| STAIRDANCE
  2757 | D:4      | 2757 ||| STAIRDANCE
  2761 | D:4      | 2761 ||| STAIRDANCE
  2765 | D:4      | 2765 ||| STAIRDANCE
  2769 | D:4      | 2769 ||| STAIRDANCE
  2773 | D:4      | 2773 ||| STAIRDANCE
  2822 | D:4      | 2822 ||| DRINKING 2 fuming yellow potions.
  2849 | D:4      | Reached skill level 1 in Dodging
  3011 | D:4      | Found the +8 demon trident "Rift" {distort, reach+}
  3079 | D:4      | Found an ornate altar of the Wu Jian Council.
  3114 | D:4      | 3114 ||| Stepping ~*~*~tactically~*~*~ (hiding).
  3339 | D:4      | 3339 ||| DRINKING 2 metallic amethyst potions.
  3340 | D:4      | 3340 ||| DROPPING potion of invisibility.
  3346 | D:5      | Entered Level 5 of the Dungeon
  3477 | D:5      | Reached skill level 7 in Axes
  3481 | D:5      | HP: 8/44 [ogre/+0 giant club (14)]
  3483 | D:5      | Mangled by an ogre

Levels and vault maps discovered:
D:1:      matt_arrival_refuge, layout_loops_ring, skrybe_limestone_x
D:2:      layout_basic, uniq_natasha
D:3:      layout_loops_ring, tgw_xom, nicolae_overflow_ecumenical_swirl,
          uniq_grinder
D:4:      layout_loops_ring, nicolae_wu_jian_wuxing_cycle, minmay_misc_feat_chi
D:5:      layout_basic, lemuel_crystal_altar, minmay_temple_entry_purple_smoke,
          uniq_edmund

Skill      XL: |  1  2  3  4  5  6  7 |
---------------+----------------------+-----
Axes           | 2 3 4 6 7 |  7.0
Fighting       | 4 |  4.6
Dodging        | 1 |  1.0
Armour         | |  3.2
Shields        | |  3.2

Action                     |  1- 3 |  4- 6 |  7- 9 || total
---------------------------+-------+-------+-------++-------
  Melee: War axe           |   115 |   118 |    75 ||   308
  Throw: Boomerang         |       |    28 |    22 ||    50
    Use: Scroll            |     2 |     6 |       ||     8
         Potion            |       |       |     2 ||     2
   Stab: Invisible         |       |       |     1 ||     1
 Armour: Scale mail        |    21 |       |       ||    21
         Chain mail        |    41 |    85 |    64 ||   190
  Dodge: Dodged            |    34 |    26 |    47 ||   107
  Block: Buckler           |    18 |    19 |    14 ||    51

Table legend:
 A = Non-vault XP
 B = Vault XP
 C = Vault XP percentage of total XP
 D = Non-vault monster count
 E = Vault monster count
 F = Vault count percentage of total count
                 A         B        C        D         E       F
            +---------+---------+-------+---------+---------+-------
      Total |     674 |     336 |  33.3 |      98 |       4 |   3.9
            +---------+---------+-------+---------+---------+-------
        D:1 |      40 |       0 |   0.0 |      24 |       0 |   0.0
        D:2 |      39 |      35 |  47.3 |      22 |       1 |   4.3
        D:3 |     100 |     301 |  75.1 |      30 |       3 |   9.1
        D:4 |     223 |       0 |   0.0 |      16 |       0 |   0.0
        D:5 |     272 |       0 |   0.0 |       6 |       0 |   0.0
            +---------+---------+-------+---------+---------+-------
